A
ABERDEEN IRONBIRDS @ EVANSVILLE HIT KINGS
09/16/2059
 
TOP OF THE 1ST
Aberdeen Ironbirds batting - Pitching for Evansville Hit Kings : RHP Kaheem Takaki
Pitching: RHP Kaheem Takaki
Batting: RHB Keyon Yamamoto 0-0: Swinging Strike
0-1: Ball
1-1: Foul Ball, location: 2F
1-2: Ball
2-2: Ball
3-2: Fly out, F9 (Flyball, 9, EV 85.0 MPH)
Batting: RHB Wyatt Tait 0-0: Foul Ball, location: 2F
0-1: Swinging Strike
0-2: Foul Ball, location: 2F
0-2: Ball
1-2: Ball
2-2: Foul Ball, location: 2F
2-2: Ball
3-2: Foul Ball, location: 2F
3-2: Base on Balls
Batting: RHB Trevor Tyus 0-0: Ball
1-0: Ball
2-0: Ball
3-0: Base on Balls
Wyatt Tait to second
Batting: SHB Jaxon Guest 0-0: Called Strike
0-1: SINGLE (Groundball, 56, EV 99.4 MPH) (infield hit)
Wyatt Tait to third
Trevor Tyus to second
Batting: RHB Joey Wilburn 0-0: Called Strike
0-1: Ball
1-1: Swinging Strike
1-2: Strikes out swinging
Batting: RHB Jeremiah Butler 0-0: Ball
1-0: Foul Ball, location: 2F
1-1: Swinging Strike
1-2: Foul Ball, location: 2F
1-2: Ball
2-2: Foul Ball, location: 2F
2-2: Strikes out swinging
Top of the 1st over - 0 runs, 1 hit, 0 errors, 3 left on base; Aberdeen 0 - Evansville 0
BOTTOM OF THE 1ST
Evansville Hit Kings batting - Pitching for Aberdeen Ironbirds : LHP Richard Wood
Pitching: LHP Richard Wood
Batting: RHB Grant Mason 0-0: Reached on error, E6 (Groundball, 6M, EV 107.5 MPH)
Batting: RHB Marlon Anderson 0-0: Reached on error, E6 (Groundball, 6MS, EV 63.8 MPH)
Grant Mason scores
Batting: RHB Shayne Hall 0-0: Called Strike
0-1: SINGLE (Line Drive, 9S, EV 105.0 MPH)
Marlon Anderson to third
Batting: SHB Sharrod Lewis 0-0: Called Strike
0-1: Called Strike
0-2: Foul Ball, location: 2F
0-2: Ball
1-2: Ball
2-2: Strikes out swinging
Batting: RHB Chandler Frazee 0-0: Fly out, F3 (Popup, 3L, EV 72.5 MPH)
Batting: RHB Seth Durand 0-0: Ball
Wild Pitch!
Marlon Anderson scores
Shayne Hall to second
1-0: Ball
2-0: Foul Ball, location: 2F
2-1: Ball
3-1: Fly out, F6 (Flyball, 6MD, EV 87.5 MPH)
Bottom of the 1st over - 2 runs, 1 hit, 2 errors, 1 left on base; Aberdeen 0 - Evansville 2
TOP OF THE 2ND
Aberdeen Ironbirds batting - Pitching for Evansville Hit Kings : RHP Kaheem Takaki
Batting: RHB Clayton Mendieta 0-0: Foul Ball, location: 2F
0-1: Called Strike
0-2: Ground out 6-3 (Groundball, 6, EV 82.5 MPH)
Batting: RHB Joey Scott 0-0: Ball
1-0: Ball
2-0: Ball
3-0: Called Strike
3-1: Fly out, F4 (Popup, 23, EV 88.8 MPH)
Batting: RHB Harrison Sapp 0-0: Ball
1-0: Ball
2-0: Called Strike
2-1: Ball
3-1: Fly out, F7 (Flyball, 7D, EV 102.5 MPH)
Top of the 2nd over - 0 runs, 0 hits, 0 errors, 0 left on base; Aberdeen 0 - Evansville 2
BOTTOM OF THE 2ND
Evansville Hit Kings batting - Pitching for Aberdeen Ironbirds : LHP Richard Wood
Batting: RHB Logan Mankowski 0-0: SOLO HOME RUN (Flyball, 7D, EV 103.1 MPH), Distance : 365 ft
Batting: RHB Blayne Gillett 0-0: Ball
1-0: Ball
2-0: Ball
3-0: Called Strike
3-1: Base on Balls
Batting: RHB Brenden Baxter 0-0: Ball
1-0: Ball
2-0: SINGLE (Groundball, 4MD, EV 95.6 MPH)
Blayne Gillett to second
Runner from 2nd tries for 3rd, SAFE, throw by CF made to third
Batting: RHB Grant Mason 0-0: Swinging Strike
0-1: Foul Ball, location: 2F
0-2: Ball
1-2: Ball
2-2: Foul Ball, location: 2F
2-2: Strikes out looking
Batting: RHB Marlon Anderson 0-0: Ball
1-0: Called Strike
1-1: Ball
2-1: Ball
3-1: Fly out, F7 (Line Drive, 7D, EV 94.4 MPH)
Runner from 3rd tags up, SCORES, no throw by LF
Batting: RHB Shayne Hall 0-0: Foul Ball, location: 2F
0-1: Ball
1-1: Ball
2-1: Foul Ball, location: 2F
2-2: Ball
Pickoff Throw to First - Out! 1-3 CS
Bottom of the 2nd over - 2 runs, 2 hits, 0 errors, 0 left on base; Aberdeen 0 - Evansville 4
TOP OF THE 3RD
Aberdeen Ironbirds batting - Pitching for Evansville Hit Kings : RHP Kaheem Takaki
Batting: RHB Keyon Yamamoto 0-0: Called Strike
0-1: Called Strike
0-2: SINGLE (Flyball, 9S, EV 87.5 MPH)
Batting: RHB Wyatt Tait 0-0: Called Strike
0-1: Ball
1-1: Called Strike
1-2: Ball
2-2: Ball
3-2: Base on Balls
Keyon Yamamoto to second
Batting: RHB Trevor Tyus 0-0: Fly out, F8 (Flyball, 8RXD, EV 104.4 MPH)
Runner from 2nd tags up, SAFE at 3rd, no throw by CF
Batting: SHB Jaxon Guest 0-0: Ball
1-0: Grounds into double play, 4-6-3 (Groundball, 34, EV 83.1 MPH)
Top of the 3rd over - 0 runs, 1 hit, 0 errors, 1 left on base; Aberdeen 0 - Evansville 4
BOTTOM OF THE 3RD
Evansville Hit Kings batting - Pitching for Aberdeen Ironbirds : LHP Richard Wood
Pitching: RHP Eli Swoape
Batting: RHB Shayne Hall 0-0: Ball
1-0: Called Strike
1-1: Foul Ball, location: 2F
1-2: SINGLE (Flyball, 5D, EV 96.2 MPH)
Batting: SHB Sharrod Lewis 0-0: Ball
1-0: Foul Ball, location: 2F
1-1: Fly out, F7 (Flyball, 7D, EV 100.0 MPH)
Batting: RHB Chandler Frazee 0-0: Ball
1-0: SINGLE (Groundball, 6D, EV 96.9 MPH)
Shayne Hall to second
Batting: RHB Seth Durand 0-0: Ball
1-0: Swinging Strike
1-1: Foul Ball, location: 2F
1-2: Strikes out swinging
Batting: RHB Logan Mankowski 0-0: Swinging Strike
0-1: Ball
1-1: Ball
2-1: Foul Ball, location: 2F
2-2: Ball
3-2: Strikes out looking
Bottom of the 3rd over - 0 runs, 2 hits, 0 errors, 2 left on base; Aberdeen 0 - Evansville 4
TOP OF THE 4TH
Aberdeen Ironbirds batting - Pitching for Evansville Hit Kings : RHP Kaheem Takaki
Batting: RHB Joey Wilburn 0-0: Foul Ball, location: 2F
0-1: Ball
1-1: Ball
2-1: Foul Ball, location: 2F
2-2: Foul Ball, location: 2F
2-2: Fly out, F8 (Flyball, 8RD, EV 106.2 MPH)
Batting: RHB Jeremiah Butler 0-0: Called Strike
0-1: Fly out, F9 (Line Drive, 9S, EV 91.2 MPH)
Batting: RHB Clayton Mendieta 0-0: Ball
1-0: Swinging Strike
1-1: Swinging Strike
1-2: Ball
2-2: Ball
3-2: Base on Balls
Batting: RHB Joey Scott 0-0: Foul Ball, location: 2F
0-1: Ball
1-1: Ball
2-1: Foul Ball, location: 2F
2-2: Ball
3-2: Foul Ball, location: 2F
3-2: DOUBLE (Line Drive, 8RD, EV 103.8 MPH)
Clayton Mendieta to third
Clayton Mendieta scores
Batting: RHB Harrison Sapp 0-0: Called Strike
0-1: Foul Ball, location: 2F
0-2: Foul Ball, location: 2F
0-2: Ball
1-2: Ball
2-2: Ball
3-2: Base on Balls
Batting: RHB Keyon Yamamoto 0-0: Foul Ball, location: 2F
0-1: Called Strike
0-2: Strikes out swinging
Top of the 4th over - 1 run, 1 hit, 0 errors, 2 left on base; Aberdeen 1 - Evansville 4
BOTTOM OF THE 4TH
Evansville Hit Kings batting - Pitching for Aberdeen Ironbirds : RHP Eli Swoape
Batting: RHB Blayne Gillett 0-0: Foul Ball, location: 2F
0-1: Ball
1-1: Ball
2-1: Foul Ball, location: 2F
2-2: Ground out U3 (Groundball, 3, EV 100.6 MPH)
Batting: RHB Brenden Baxter 0-0: DOUBLE (Line Drive, 7LM, EV 101.9 MPH)
Batting: RHB Grant Mason 0-0: Swinging Strike
0-1: Called Strike
0-2: Strikes out swinging
Batting: RHB Marlon Anderson 0-0: Called Strike
0-1: SINGLE (Line Drive, 9S, EV 109.4 MPH)
Brenden Baxter to third
Batting: RHB Shayne Hall 0-0: Swinging Strike
0-1: Ball
1-1: Ball
2-1: Ball
3-1: Fly out, F4 (Line Drive, 34, EV 61.9 MPH)
Bottom of the 4th over - 0 runs, 2 hits, 0 errors, 2 left on base; Aberdeen 1 - Evansville 4
TOP OF THE 5TH
Aberdeen Ironbirds batting - Pitching for Evansville Hit Kings : RHP Kaheem Takaki
Batting: RHB Wyatt Tait 0-0: Foul Ball, location: 2F
0-1: Foul Ball, location: 2F
0-2: Ball
1-2: Ball
2-2: Foul Ball, location: 2F
2-2: Foul Ball, location: 2F
2-2: SINGLE (Groundball, 34D, EV 100.0 MPH)
Pitching: RHP Phil Auble
Batting: RHB Trevor Tyus 0-0: Swinging Strike
0-1: Fly out, F4 (Popup, 3, EV 60.0 MPH)
Batting: SHB Jaxon Guest 0-0: Ball
1-0: Called Strike
1-1: Called Strike
1-2: Foul Ball, location: 2F
1-2: Strikes out swinging
Batting: RHB Joey Wilburn 0-0: Ball
1-0: Ball
2-0: Ball
3-0: Called Strike
3-1: Ground out 1-3 (Groundball, P, EV 64.4 MPH)
Top of the 5th over - 0 runs, 1 hit, 0 errors, 1 left on base; Aberdeen 1 - Evansville 4
BOTTOM OF THE 5TH
Evansville Hit Kings batting - Pitching for Aberdeen Ironbirds : RHP Eli Swoape
Batting: SHB Sharrod Lewis 0-0: Ground out 4-3 (Groundball, 4, EV 90.6 MPH)
Batting: RHB Chandler Frazee 0-0: Called Strike
0-1: Ball
1-1: Called Strike
1-2: Strikes out swinging
Batting: RHB Seth Durand 0-0: Called Strike
0-1: Foul Ball, location: 2F
0-2: Foul Ball, location: 2F
0-2: Ground out 6-3 (Groundball, 6D, EV 103.1 MPH)
Bottom of the 5th over - 0 runs, 0 hits, 0 errors, 0 left on base; Aberdeen 1 - Evansville 4
TOP OF THE 6TH
Aberdeen Ironbirds batting - Pitching for Evansville Hit Kings : RHP Phil Auble
Batting: RHB Jeremiah Butler 0-0: Ball
1-0: Ground out U3 (Groundball, 34S, EV 86.2 MPH)
Batting: RHB Clayton Mendieta 0-0: Foul Ball, location: 2F
0-1: SINGLE (Line Drive, 8LS, EV 89.4 MPH)
Batting: RHB Joey Scott 0-0: Called Strike
0-1: Ball
1-1: Foul Ball, location: 2F
1-2: Strikes out looking
Batting: RHB Harrison Sapp 0-0: Called Strike
0-1: Ball
1-1: Ball
2-1: Foul Ball, location: 2F
2-2: Ball
3-2: SINGLE (Groundball, 56D, EV 94.4 MPH)
Clayton Mendieta to second
Clayton Mendieta to third
Pitching: RHP Drew Hunt
Batting: RHB Keyon Yamamoto 0-0: Swinging Strike
0-1: Foul Ball, location: 2F
0-2: Strikes out swinging
Top of the 6th over - 0 runs, 2 hits, 0 errors, 2 left on base; Aberdeen 1 - Evansville 4
BOTTOM OF THE 6TH
Evansville Hit Kings batting - Pitching for Aberdeen Ironbirds : RHP Eli Swoape
Pitching: LHP Andy Morgan
Batting: RHB Logan Mankowski 0-0: Ball
1-0: Ball
2-0: Called Strike
2-1: Ball
3-1: Base on Balls
Batting: RHB Blayne Gillett 0-0: Swinging Strike
0-1: Foul Ball, location: 2F
0-2: SINGLE (Groundball, 4MD, EV 98.1 MPH)
Logan Mankowski to second
Batting: RHB Brenden Baxter 0-0: Sac Bunt to 25 - play at first, batter OUT! 5-3
Logan Mankowski to third
Blayne Gillett to second
Batting: RHB Grant Mason 0-0: Ball
1-0: Ball
2-0: Foul Ball, location: 2F
2-1: Ball
3-1: Ground out 6-3 (Groundball, 6, EV 91.2 MPH)
Batting: RHB Marlon Anderson 0-0: Ball
1-0: Called Strike
1-1: Ball
2-1: Foul Ball, location: 2F
2-2: Foul Ball, location: 2F
2-2: Strikes out looking
Bottom of the 6th over - 0 runs, 1 hit, 0 errors, 2 left on base; Aberdeen 1 - Evansville 4
TOP OF THE 7TH
Aberdeen Ironbirds batting - Pitching for Evansville Hit Kings : RHP Drew Hunt
Batting: RHB Wyatt Tait 0-0: Called Strike
0-1: Ball
1-1: Foul Ball, location: 2F
1-2: Ball
2-2: DOUBLE (Flyball, 8RXD, EV 90.6 MPH)
Batting: RHB Trevor Tyus 0-0: Ball
1-0: Swinging Strike
1-1: Called Strike
1-2: Foul Ball, location: 2F
1-2: Ball
2-2: Fly out, F8 (Flyball, 8RS, EV 83.1 MPH)
Batting: SHB Jaxon Guest 0-0: Foul Ball, location: 2F
0-1: Ball
1-1: 2-RUN HOME RUN (Flyball, 78XD, EV 106.2 MPH), Distance : 418 ft
Batting: RHB Joey Wilburn 0-0: Ball
1-0: Called Strike
1-1: SOLO HOME RUN (Flyball, 7D, EV 95.6 MPH), Distance : 344 ft
Pitching: LHP Andy McDowell
Batting: RHB Jeremiah Butler 0-0: Ball
1-0: Ground out 5-3 (Groundball, 5, EV 79.4 MPH)
Batting: RHB Clayton Mendieta 0-0: Ground out 3-1 (Groundball, 34, EV 105.0 MPH)
Top of the 7th over - 3 runs, 3 hits, 0 errors, 0 left on base; Aberdeen 4 - Evansville 4
BOTTOM OF THE 7TH
Evansville Hit Kings batting - Pitching for Aberdeen Ironbirds : LHP Andy Morgan
Batting: RHB Shayne Hall 0-0: Foul Ball, location: 2F
0-1: Swinging Strike
0-2: Ball
1-2: Ball
2-2: SOLO HOME RUN (Flyball, 7D, EV 98.8 MPH), Distance : 363 ft
Batting: SHB Sharrod Lewis 0-0: Called Strike
0-1: Ball
1-1: Ball
2-1: Called Strike
2-2: DOUBLE (Line Drive, 9LS, EV 90.6 MPH)
Batting: RHB Chandler Frazee 0-0: Intentional Walk
Pinch Runner at 2nd Geoff Tollard:
Batting: RHB Seth Durand 0-0: Ball
Geoff Tollard steals 3rd base
1-0: Ball
2-0: Swinging Strike
2-1: Fielders Choice at 2nd, 2-6 (Groundball, 2R, EV 66.2 MPH)
Batting: RHB Logan Mankowski Pickoff Throw to First - Out! 1-3
0-0: Ball
1-0: Ball
2-0: Ball
3-0: Base on Balls
Batting: RHB Blayne Gillett 0-0: Called Strike
0-1: DOUBLE (Groundball, 5L, EV 97.5 MPH)
Geoff Tollard scores
Logan Mankowski to third
Pitching: RHP Payton Coyle
Pinch Hitting: LHB Andy O'Bryan 0-0: Called Strike
0-1: DOUBLE (Flyball, 89XD, EV 109.4 MPH)
Logan Mankowski scores
Blayne Gillett scores
Batting: RHB Grant Mason 0-0: Ground out 6-3 (Groundball, 6, EV 88.1 MPH)
Bottom of the 7th over - 4 runs, 4 hits, 0 errors, 1 left on base; Aberdeen 4 - Evansville 8
TOP OF THE 8TH
Aberdeen Ironbirds batting - Pitching for Evansville Hit Kings : LHP Andy McDowell
Now at SS: Jim Schrader
Batting: RHB Joey Scott 0-0: Called Strike
0-1: Ball
1-1: Ball
2-1: Ground out 6-3 (Groundball, 6M, EV 80.6 MPH)
Batting: RHB Harrison Sapp 0-0: Swinging Strike
0-1: Foul Ball, location: 2F
0-2: Strikes out swinging
Batting: RHB Keyon Yamamoto 0-0: SOLO HOME RUN (Line Drive, 9D, EV 98.1 MPH), Distance : 364 ft
Batting: RHB Wyatt Tait 0-0: Called Strike
0-1: Foul Ball, location: 2F
0-2: Strikes out looking
Top of the 8th over - 1 run, 1 hit, 0 errors, 0 left on base; Aberdeen 5 - Evansville 8
BOTTOM OF THE 8TH
Evansville Hit Kings batting - Pitching for Aberdeen Ironbirds : RHP Payton Coyle
Batting: RHB Marlon Anderson 0-0: Called Strike
0-1: Called Strike
0-2: Fly out, F3 (Popup, 3S, EV 73.8 MPH)
Batting: RHB Shayne Hall 0-0: Ball
1-0: Foul Ball, location: 2F
1-1: Ball
2-1: Ball
3-1: Called Strike
3-2: Ground out 6-3 (Groundball, 6, EV 110.0 MPH)
Batting: RHB Geoff Tollard 0-0: Ball
1-0: Foul Ball, location: 2F
1-1: Ball
2-1: Swinging Strike
2-2: Strikes out swinging
Bottom of the 8th over - 0 runs, 0 hits, 0 errors, 0 left on base; Aberdeen 5 - Evansville 8
TOP OF THE 9TH
Aberdeen Ironbirds batting - Pitching for Evansville Hit Kings : LHP Andy McDowell
Pitching: RHP Johnathan Jones
Batting: RHB Trevor Tyus 0-0: Ground out 5-3 (Groundball, 56, EV 84.4 MPH)
Batting: SHB Jaxon Guest 0-0: Called Strike
0-1: Fly out, F7 (Line Drive, 7, EV 93.1 MPH)
Batting: RHB Joey Wilburn 0-0: Fly out, F4 (Flyball, 34D, EV 88.8 MPH)
Top of the 9th over - 0 runs, 0 hits, 0 errors, 0 left on base; Aberdeen 5 - Evansville 8
Tuesday, April 2nd , 2024 - OOTP Baseball 23.10 Build 110